 Dungeon Crawl Stone Soup version 0.31-a0-1098-g6898e6545c (webtiles) character file.

Game seed: 12391769726063231317

18414 Gumption the Zephyrmancer (level 12, 0/94 HPs)
             Began as a Green Draconian Air Elementalist on Nov 30, 2023.
             Was a Priest of Hepliaklqana.
             Engulfed by an ice statue's freezing vapour (9 damage)
             ... in an ice cave on Dec 1, 2023.
             The game lasted 02:43:11 (14520 turns).

Gumption the Zephyrmancer (DrAE)                   Turns: 14520, Time: 02:43:12

Health: 0/94       AC: 10    Str: 15    XL:     12   Next: 27%
Magic:  24/24      EV: 12    Int: 20    God:    Hepliaklqana [***...]
Gold:   925        SH:  0    Dex: 13    Spells: 14/27 levels left

rFire   . . .        B - +6 mace of Rerovius {heavy, Contam rC+ rCorr Str+5}
rCold   + . .        C - orb {mayhem}
rNeg    . . .        (body armour unavailable)
rPois   +            (helmet restricted)
rElec   .            u - +0 cloak
rCorr   +            (no gloves)
SInv    .            E - +0 pair of boots
Will    .....        e - amulet of regeneration
Stlth   ++           (no ring)
HPRegen 1.15/turn    (no ring)
MPRegen 0.19/turn

%: mayhem
@: no status effects
A: reduced essence, breathe noxious fumes, AC +8, unfitting armour, poison
resistance, cold-blooded
a: Breathe Noxious Fumes, Renounce Religion, Recall Ancestor, Ancestor Identity,
Transference


You were in an ice cave.
You worshipped Hepliaklqana.
Hepliaklqana was most pleased with you.
You visited 3 branches of the dungeon, and saw 13 of its levels.
You also visited: Ice Cave.

You collected 925 gold pieces.

Inventory:

Hand Weapons
 a - the +6 shillelagh "Devastator" {shatter}
   (You found it on level 5 of the Dungeon)
 g - a +3 whip of pain
 B - the +6 mace of Rerovius (weapon) {heavy, Contam rC+ rCorr Str+5}
   (You found it on level 5 of the Dungeon)

   Str+5:     It affects your strength (+5).
   rC+:       It protects you from cold.
   Contam:    It causes magical contamination when unequipped.
   rCorr:     It protects you from acid and corrosion.
 F - a +3 morningstar
Missiles
 l - 51 poisoned darts (quivered)
 p - a throwing net
 q - 9 curare-tipped darts
Armour
 u - a +0 cloak (worn)
 C - an orb of mayhem (worn)
 E - a +0 pair of boots (worn)
Jewellery
 e - an amulet of regeneration (around neck)
Wands
 h - a wand of flame (22)
 w - a wand of paralysis (19)
 y - a wand of roots (15)
 D - a wand of mindburst (14)
Scrolls
 c - a scroll of poison {unknown}
 d - 3 scrolls of fear
 f - 3 scrolls of teleportation
 i - 5 scrolls of immolation
 s - 2 scrolls of torment
 z - a scroll of enchant weapon
Potions
 b - 5 potions of haste
 j - 4 potions of attraction
 k - 7 potions of curing
 m - 2 potions of brilliance
 n - 4 potions of lignification
 r - a potion of might
 t - 2 potions of magic
 v - 2 potions of enlightenment
 x - 2 potions of heal wounds
 A - 2 potions of mutation


   Skills:
 + Level 9.4 Fighting
 * Level 7.7 Maces & Flails
 + Level 2.9 Dodging
 - Level 1.7 Stealth
 + Level 8.0 Spellcasting
 - Level 6.0 Conjurations
 - Level 4.3 Ice Magic
 + Level 11.8 Air Magic
 + Level 5.1 Invocations


You had 14 spell levels left.
You knew the following spells:

 Your Spells              Type           Power      Damage    Failure   Level
a - Shock                 Conj/Air       100%       1d9       1%          1
b - Static Discharge      Conj/Air       86%        3-7/arc   1%          2
c - Airstrike             Air            26%        2d(4-20)  1%          4
d - Ozocubu's Armour      Ice            25%        N/A       4%          3
e - Swiftness             Air            53%        N/A       1%          3

Your spell library contained the following spells:

 Spells                   Type           Power      Damage    Failure   Level
 Poisonous Vapours        Pois/Air       62%        N/A       1%          2
 Necrotise                Necr           32%        1d5       9%          1
 Slow                     Hex            32%        N/A       9%          1
 Sting                    Tmut/Pois      32%        1d4       9%          1
 Blink                    Tloc           16%        N/A       13%         2
 Iskenderun's Mystic Bla  Conj/Tloc      20%        2d6       24%         4
 Confusing Touch          Hex            8%         N/A       26%         3
 Gell's Gravitas          Tloc           8%         N/A       26%         3
 Sigil of Binding         Hex            8%         N/A       26%         3
 Teleport Other           Tloc           8%         N/A       26%         3
 Tukima's Dance           Hex            8%         N/A       26%         3
 Vampiric Draining        Necr           8%         2d6       26%         3
 Anguish                  Hex/Necr       4%         N/A       63%         4
 Cause Fear               Hex            4%         N/A       63%         4
 Dimensional Bullseye     Hex/Tloc       4%         N/A       63%         4
 Manifold Assault         Tloc           8%         N/A       63%         4
 Olgreb's Toxic Radiance  Pois           8%         N/A       63%         4
 Metabolic Englaciation   Hex/Ice        8%         N/A       67%         5
 Agony                    Necr           8%         N/A       93%         5
 Summon Forest            Summ/Tloc      4%         N/A       93%         5
 Summon Mana Viper        Hex/Summ       8%         N/A       93%         5
 Simulacrum               Ice/Necr       8%         N/A       99%         6
 Dispersal                Tloc           4%         N/A       100%        6
 Summon Cactus Giant      Summ           4%         N/A       100%        6
 Enfeeble                 Hex            4%         N/A       100%        7


Dungeon Overview and Level Annotations

Branches:
Dungeon (11/15)            Temple (1/1) D:7            Lair (1/5) D:11
    Orc (0/2) D:11          IceCv (1/1)

Altars:
Ashenzari
Cheibriados
Dithmenos
Elyvilon
Fedhas
Gozag
Hepliaklqana
Kikubaaqudgha
Makhleb
Nemelex Xobeh
Okawaru
Qazlal
Ru
Sif Muna
Trog
Uskayaw
Vehumet
Wu Jian
Xom
Yredelemnul
Zin
The Shining One
Lugonu

Shops:
D:5 *(   D:10 *

Portals:
Trove: D:10 (give 14 scrolls of teleportation)

Annotations:
Lair:1 exclusion: death yak IceCv exclusion: ice statue


Innate Abilities, Weirdness & Mutations

Your life essence is reduced to manifest your ancestor. (-10% HP)
You can breathe blasts of noxious fumes.
Your lurid green scales are hard. (AC +8)
You cannot fit into any form of body armour.
Your system is resistant to poisons. (rPois)
You are cold-blooded and may be slowed by cold attacks.


Message History

The ice beast hits you but does no damage.
The ice beast hits you. The ice beast freezes you. You resist.
The ice beast hits you. The ice beast freezes you. You resist.
You sock the ice statue!
You tail-slap the ice statue, but do no damage.
The ice statue is lightly damaged.
Xolani hits the ice statue with a +0 flail!
The ice beast hits you. The ice beast freezes you. You resist.
The ice beast misses you. The ice statue gestures at you.
The freezing blast engulfs you! You resist.
* * * LOW HITPOINT WARNING * * *
You hit the ice statue.
The ice statue is moderately damaged.
You are engulfed in freezing vapours.
You resist.
* * * LOW HITPOINT WARNING * * *
The ice beast hits you but does no damage.
The ice beast completely misses you.
Xolani is engulfed in freezing vapours.
Xolani hits the ice statue with a +0 flail!
The ice statue gestures at you. The shard of ice hits you!!
You partially resist.
* * * LOW HITPOINT WARNING * * *
The ice beast hits you.
* * * LOW HITPOINT WARNING * * *
The ice beast freezes you. You resist.
* * * LOW HITPOINT WARNING * * *
The ice beast hits you but does no damage.
You hit the ice statue.
You tail-slap the ice statue, but do no damage.
The ice statue is heavily damaged.
You are engulfed in freezing vapours.
You resist.
* * * LOW HITPOINT WARNING * * *
Xolani hits the ice statue with a +0 flail!
The ice beast misses you.
The ice beast hits you but does no damage.
You catch the helpless ice statue completely off-guard!
You sock the ice statue!
The ice statue is almost destroyed.
You are engulfed in freezing vapours.
You resist.
You die...

## #.#
####Y.#..#
##°.@8Y.#
##..YR°##[#
#..##°##
#.######
#..###.##
#(.#....# .
##......##
#.
#...###..##
##.#
##.#####..##


You could see the friendly Xolani the knight, an ice statue (ally target) and 3
ice beasts.

Vanquished Creatures
  Erolcha (D:10)
  2 two-headed ogres (D:10)
  2 death yaks (Lair:1)
  2 cyclopes
  A gargoyle (D:11)
  2 cane toads (Lair:1)
  2 komodo dragons
  Jeremiah (D:6)
  A guardian mummy (D:10)
  Grinder (D:5)
  3 trolls (D:11)
  Prince Ribbit (D:7)
  2 hornets
  A blink frog (Lair:1)
  Sigmund (D:4)
  2 wraiths
  A vampire (D:9)
  3 wyverns
  7 yaks
  Grum (D:10)
  A steam dragon (D:7)
  A death yak simulacrum (IceCv)
  An acid dragon (D:9)
  Duvessa (D:5)
  4 water moccasins
  A black bear (D:8)
  2 sky beasts
  4 orc warriors
  3 centaurs
  An ogre (D:5)
  10 wolves
  A phantom (D:5)
  4 kobold brigands
  4 bullfrogs
  6 scorpions
  2 gnoll sergeants
  8 wights
  Dowan (D:5)
  An elephant simulacrum (IceCv)
  5 killer bees
  4 howler monkeys
  An electric eel (Lair:1)
  A crimson imp (D:3)
  2 hounds (D:6)
  4 orc priests
  3 jellies
  Crazy Yiuf (D:3)
  Ijyb (D:4)
  A gnoll bouda (D:7)
  2 iguanas (D:7)
  2 ancestors
  2 sleepcaps
  8 orc wizards
  A spriggan simulacrum (IceCv)
  A troll simulacrum (IceCv)
  8 gnolls
  5 adders
  A naga simulacrum (IceCv)
  3 shadow imps
  5 white imps
  2 ufetubi (D:5)
  A worm (D:5)
  A dart slug (D:3)
  28 orcs
  10 ball pythons
  7 endoplasms
  4 giant cockroaches
  10 goblins
  14 hobgoblins
  3 jackals (D:3)
  22 kobolds
  4 quokkas
  4 bats
  5 frilled lizards
  A goblin skeleton (D:3)
  A goblin zombie (D:3)
  A hobgoblin zombie (D:3)
  2 kobold skeletons (D:3)
  2 kobold zombies (D:3)
  An orc skeleton (D:3)
  9 rats
286 creatures vanquished.

Vanquished Creatures (collateral kills)
  A boulder beetle (D:11)
  A two-headed ogre (D:10)
  A death yak (Lair:1)
  Sonja (D:10)
  A cane toad (Lair:1)
  A guardian mummy (D:10)
  A troll (D:11)
  A water moccasin (Lair:1)
  A wolf (D:10)
  A wight (D:8)
  3 killer bees
  An orc priest (D:11)
  An iguana (D:11)
  3 orc wizards (D:11)
  A gnoll (D:9)
  A white imp (IceCv)
  An ufetubus (IceCv)
  6 orcs (D:11)
  3 kobolds
30 creatures vanquished.

Vanquished Creatures (others)
  An orc priest (D:11)
  2 ancestors (D:9)
  4 knights
  3 gnolls
  An orc (D:11)
11 creatures vanquished.

Grand Total: 327 creatures vanquished

Notes
Turn   | Place    | Note
-------+----------+-------------------------------------------
     0 | D:1      | Gumption the Draconian Air Elementalist began the quest for
                  | the Orb.
     0 | D:1      | Reached XP level 1. HP: 14/14 MP: 3/3
   338 | D:1      | Reached XP level 2. HP: 22/22 MP: 1/5
   463 | D:1      | Learned a level 2 spell: Static Discharge
   603 | D:1      | You fall into a shaft and drop 1 floor!
   800 | D:1      | Reached XP level 3. HP: 24/27 MP: 1/6
   892 | D:1      | Reached skill level 1 in Fighting
  2562 | D:2      | Reached XP level 4. HP: 35/35 MP: 4/7
  2858 | D:2      | Identified the +2 chain mail of Gajusanin {rN++}
  3364 | D:3      | Found a runed translucent door.
  3365 | D:3      | Noticed Crazy Yiuf
  3372 | D:3      | Killed Crazy Yiuf
  3373 | D:3      | Reached skill level 4 in Air Magic
  3549 | D:3      | Found an iron altar of Okawaru.
  3710 | D:3      | Reached XP level 5. HP: 41/41 MP: 3/8
  3796 | D:3      | Learned a level 4 spell: Airstrike
  3839 | D:3      | Found a glowing golden altar of the Shining One.
  4318 | D:4      | Found a glowing silver altar of Zin.
  4318 | D:4      | Noticed an angel
  4601 | D:4      | Noticed Ijyb
  4602 | D:4      | Paralysed by Ijyb for 3 turns
  4611 | D:4      | Killed Ijyb
  4705 | D:4      | Noticed Sigmund
  4722 | D:4      | Killed Sigmund
  4723 | D:4      | Reached XP level 6. HP: 37/50 MP: 3/10
  5154 | D:5      | Entered Level 5 of the Dungeon
  5227 | D:5      | Reached skill level 5 in Air Magic
  5435 | D:5      | Your scales start taking on a lurid green colour.
  5435 | D:5      | Reached XP level 7. HP: 55/57 MP: 7/11
  5435 | D:5      | Gained mutation: Your system is resistant to poisons.
                  | (rPois) [Green Draconian growth]
  5484 | D:5      | Identified the +6 mace of Rerovius {heavy, Contam rC+ rCorr
                  | Str+5}
  5493 | D:5      | Found a hide-covered altar of Uskayaw.
  5493 | D:5      | Noticed Grinder
  5494 | D:5      | Noticed a +0 dagger
  5494 | D:5      | Paralysed by Grinder for 3 turns
  5495 | D:5      | Noticed a +0 dagger
  5511 | D:5      | Paralysed by Grinder for 4 turns
  5522 | D:5      | Killed Grinder
  5891 | D:5      | Found the +6 shillelagh "Devastator" {shatter}
  6028 | D:4      | Learned a level 3 spell: Ozocubu's Armour
  6135 | D:5      | Found Icadghy's Weapon Boutique.
  6217 | D:5      | Found Ihacheu's Neck Hole.
  6483 | D:5      | Reached skill level 5 in Conjurations
  6483 | D:5      | Reached XP level 8. HP: 67/67 MP: 12/14
  6641 | D:5      | Noticed Duvessa
  6641 | D:5      | Noticed Dowan
  6653 | D:5      | Killed Duvessa
  6654 | D:5      | Reached skill level 6 in Air Magic
  6655 | D:5      | Killed Dowan
  6931 | D:6      | Reached skill level 5 in Fighting
  6931 | D:6      | Reached skill level 1 in Maces & Flails
  7212 | D:6      | Found a shimmering altar of Xom.
  7238 | D:6      | Noticed Jeremiah
  7246 | D:6      | Killed Jeremiah
  7247 | D:6      | Reached skill level 5 in Spellcasting
  7247 | D:6      | Reached skill level 7 in Air Magic
  7247 | D:6      | Reached XP level 9. HP: 15/74 MP: 16/16
  7670 | D:6      | Reached skill level 1 in Ice Magic
  7773 | D:6      | Learned a level 3 spell: Swiftness
  8072 | D:7      | Found a sacrificial altar of Ru.
  8272 | D:7      | Found a broken altar of Ashenzari.
  8345 | D:7      | Reached skill level 8 in Air Magic
  8358 | D:7      | HP: 3/75 [steam dragon] (11)]
  8510 | D:7      | Found a staircase to the Ecumenical Temple.
  8513 | D:7      | Noticed Prince Ribbit
  8516 | D:7      | Killed Prince Ribbit
  8547 | Temple   | Entered the Ecumenical Temple
  8587 | Temple   | Became a worshipper of Hepliaklqana the Forgotten
  8969 | D:7      | Found a radiant altar of Vehumet.
  9433 | D:8      | Reached XP level 10. HP: 84/84 MP: 6/18
  9656 | D:8      | Found a basalt altar of Yredelemnul.
  9850 | D:8      | Reached * piety under Hepliaklqana
  9997 | D:8      | Found a stormy altar of Qazlal.
 10005 | D:8      | Reached skill level 9 in Air Magic
 10342 | D:9      | Found a sparkling altar of Nemelex Xobeh.
 10447 | D:9      | Found an ornate altar of the Wu Jian Council.
 10674 | D:9      | Found a shimmering blue altar of Sif Muna.
 10681 | D:9      | Reached skill level 5 in Maces & Flails
 10727 | D:9      | Noticed a cyclops
 10737 | D:9      | Killed a cyclops
 10886 | D:9      | Reached skill level 10 in Air Magic
 11218 | D:10     | Entered Level 10 of the Dungeon
 11252 | D:10     | Noticed a two-headed ogre
 11278 | D:10     | Killed a two-headed ogre
 11279 | D:10     | Reached skill level 1 in Invocations
 11427 | D:10     | Found an ancient bone altar of Kikubaaqudgha.
 11430 | D:10     | Found a blossoming altar of Fedhas.
 11745 | D:10     | Reached ** piety under Hepliaklqana
 11746 | D:10     | Remembered your ancestor Xolani as a knight
 11747 | D:10     | Noticed Erolcha
 11754 | D:10     | Killed Erolcha
 11755 | D:10     | Reached XP level 11. HP: 84/84 MP: 4/21
 11894 | D:10     | Found a portal to a secret trove of treasure.
 12026 | D:10     | Noticed a two-headed ogre
 12027 | D:10     | Noticed a two-headed ogre
 12027 | D:10     | Noticed Sonja
 12030 | D:10     | Killed Sonja
 12035 | D:10     | Killed a two-headed ogre
 12046 | D:10     | Killed a two-headed ogre
 12169 | D:10     | Found Siadeg's General Store.
 12184 | D:10     | Noticed Grum
 12190 | D:10     | Killed Grum
 12393 | D:11     | Reached skill level 11 in Air Magic
 12624 | D:11     | Noticed a boulder beetle
 12656 | D:11     | HP: 1/85 [boulder beetle (18)]
 12657 | D:11     | Killed a boulder beetle
 13817 | D:11     | Found a staircase to the Lair.
 13949 | D:11     | Found a staircase to the Orcish Mines.
 14005 | Lair:1   | Entered Level 1 of the Lair of Beasts
 14109 | Lair:1   | Noticed a death yak
 14111 | Lair:1   | Noticed a death yak
 14112 | Lair:1   | Noticed a death yak
 14124 | Lair:1   | Reached XP level 12. HP: 82/93 MP: 17/23
 14129 | Lair:1   | Killed a death yak
 14134 | Lair:1   | Killed a death yak
 14161 | Lair:1   | Killed a death yak
 14179 | Lair:1   | Reached skill level 5 in Invocations
 14182 | Lair:1   | Reached *** piety under Hepliaklqana
 14272 | Lair:1   | Found a frozen archway.
 14282 | IceCv    | Entered an ice cave
 14513 | IceCv    | Found the +4 Cigotuvi's embrace {Corpsefed rMiasma Drain
                  | rN+}
 14520 | IceCv    | Engulfed by an ice statue's freezing vapour

Illustrated notes

Levels and vault maps discovered:
D:1:      amcnicky_arrival_flooded_fountain, layout_basic, st_stairs_13
D:2:      layout_basic
D:3:      layout_basic, okawaru_ov_weapons_minmay, nicolae_tso_besieged_by_evil,
          chequers_serial_rivers_micro_d, uniq_crazy_yiuf_cottage
D:4:      layout_basic, zin_angel, amethyst_killhole,
          hangedman_abyss_or_decor_stabs, due_unseen_surprise, uniq_ijyb,
          uniq_sigmund
D:5:      layout_basic, dancing_weapons_uskayaw, nicolae_stop_n_shop_2,
          nicolae_shop_sticking_my_neck_out, uniq_grinder, uniq_duvessa
D:6:      layout_rooms, lemuel_crystal_altar, uniq_jeremiah
D:7:      layout_loops_cross, mainiacjoe_overflow_boulevard,
          mainiacjoe_overflow_brackets, nicolae_ru_awakened_eye,
          minmay_temple_entry_trees, grunt_ministairs_13,
          minmay_misc_feat_diagonals, uniq_prince_ribbit1
D:8:      layout_loops_ring, mainiacjoe_overflow_surrounded_room,
          nicolae_qazlal_beasts_of_the_sky, ebering_dispersal_statue_hall,
          kennysheep_big_empty_room, minmay_misc_feat_ornament
D:9:      layout_rooms, mainiacjoe_overflow_alcove_2, kennysheep_orc_sif_temple,
          mainiacjoe_overflow_alcove_4, serial_library_hellmonk_big_corner
D:10:     layout_loops_ring, grunt_temple_overflow_growth_and_decay,
          nicolae_trove_entry_path_of_doom, serial_shops,
          nicolae_shop_hallway_plus, nrook_campfire, nrook_loot_triangle,
          uniq_grum, uniq_erolcha, uniq_sonja
D:11:     layout_basic, david_lair_shrubbed, hiddenorc1_lemuel
Temple:   corrupted_temple
Lair:1:   cheibrodos_lair_river_kwai, layout_layer_cave, enter_volcano_4,
          gauntlet_entry_generic, portal_ice_cave_entry_pillars_1,
          lemuel_fruit_fields, serial_bayou_shore_a, infiniplex_staircase_pool
IceCv:    ice_cave_caverns_02

Skill      XL: |  1  2  3  4  5  6  7  8  9 10 11 12 |
---------------+-------------------------------------+-----
Fighting       | 1 2 3 4 5 6 7 9 |  9.4
Conjurations   | 2 3 4 5 6 |  6.0
Air Magic      | 4 5 7 8 10 11 | 11.8
Spellcasting   | 3 4 5 6 7 8 |  8.0
Maces & Flails | 2 4 5 7 |  7.7
Ice Magic      | 3 4 |  4.3
Invocations    | 1 4 5 |  5.1
Dodging        | 2 |  2.9
Stealth        | |  1.7

Action                     |  1- 3 |  4- 6 |  7- 9 | 10-12 || total
---------------------------+-------+-------+-------+-------++-------
  Melee: Dagger            |    34 |     2 |       |       ||    36
         Tailslap          |     4 |     4 |    11 |    26 ||    45
         Quarterstaff      |       |    53 |     4 |       ||    57
         Shillelagh        |       |       |    99 |   129 ||   228
         Mace              |       |       |       |    14 ||    14
  Throw: Dart              |       |     5 |     9 |     5 ||    19
   Cast: Shock             |    61 |    86 |   106 |    68 ||   321
         Static Discharge  |     1 |     4 |     3 |       ||     8
         Airstrike         |       |       |    10 |    49 ||    59
         Ozocubu's Armour  |       |       |       |     2 ||     2
 Invoke: Ancestor Life: Kn |       |       |       |     1 ||     1
Ability: Breathe Noxious F |       |       |    16 |    26 ||    42
  Evoke: Wand              |       |       |     1 |     1 ||     2
    Use: Scroll            |     4 |     3 |     4 |     8 ||    19
         Potion            |       |       |     1 |       ||     1
   Stab: Sleeping          |     1 |     1 |       |       ||     2
         Confused          |       |       |     2 |     6 ||     8
         Distracted        |       |       |       |     1 ||     1
 Armour: Skin              |    34 |    41 |    84 |   117 ||   276
  Dodge: Dodged            |    36 |    49 |    68 |    83 ||   236

Table legend: (Time is in decaauts)
 A = Elapsed time spent in this place.
 B = Non-inter-level travel time spent in this place.
 C = Inter-level travel time spent in this place.
 D = Time resting spent in this place.
 E = Time spent auto-exploring this place.
 F = Levels seen in this place.
 G = Mean time per level.
                   A        B        C        D        E       F      G
               +--------+--------+--------+--------+--------+-----+--------+
         Total |  14594 |  13884 |    710 |   3736 |   3993 |  14 | 1042.4 |
       Dungeon |  14014 |  13304 |    710 |   3551 |   3993 |  11 | 1274.0 |
        Temple |     61 |     61 |      0 |      0 |      0 |   1 |   61.0 |
          Lair |    274 |    274 |      0 |     40 |      0 |   1 |  274.0 |
      Ice Cave |    244 |    244 |      0 |    145 |      0 |   1 |  244.0 |
               +--------+--------+--------+--------+--------+-----+--------+

Top non-repeatable levels by time:
     D:1: 1819 daAuts
    D:11: 1623 daAuts
     D:5: 1458 daAuts
     D:3: 1349 daAuts
     D:2: 1205 daAuts
     D:8: 1170 daAuts
     D:7: 1142 daAuts
     D:6: 1128 daAuts
    D:10: 1104 daAuts
     D:4: 1060 daAuts
     D:9: 952 daAuts
  Lair:1: 274 daAuts
   IceCv: 244 daAuts
  Temple: 61 daAuts
